 Dungeon Crawl Stone Soup version 0.30-a0-715-gdb4ae3ece1 (webtiles) character file.

Game seed: 1124592872894682220

16201 Sabo the Geomancer (level 12, -8/87 HPs)
             Began as a Formicid Earth Elementalist on Jan 22, 2023.
             Was a High Priest of Ashenzari.
             Killed from afar by Jorgrun (13 damage)
             ... with an iron shot
             ... while petrified by Jorgrun
             ... on level 12 of the Dungeon on Jan 24, 2023.
             The game lasted 01:27:53 (15959 turns).

Sabo the Geomancer (Formicid Earth Elementalist)   Turns: 15959, Time: 01:27:54

Health: -8/87      AC: 18    Str: 12    XL:     12   Next: 67%
Magic:  4/31       EV:  2    Int: 21    God:    Ashenzari [*****.]
Gold:   722        SH:  0    Dex: 20    Spells: 31/42 levels left

rFire   . . .      SeeInvis +    l - staff of earth (curse) {Range, Self}
rCold   . . .      Faith    .    (no shield)
rNeg    + + +      Spirit   .    H - +0 acid dragon scales
rPois   ∞          Reflect  +    (helmet unavailable)
rElec   .          Harm     .    u - +2 cloak "Eternal With Me" {Evo, Melee} (curse)
rCorr   +          Rampage  .    k - +1 pair of gloves "At What Cost Knowledge?" {Fort, Comp} (curse)
Will    +....      Clarity  +    B - +2 pair of boots of Supernal Gnosis {Comp, Alch} (curse)
Stlth   +++                      m - amulet "Sidereal Doubts" {Reflect Slay+3 SH+5 SInv, Alch, Range} (curse)
HPRegen 0.34/turn                j - ring "Share My Chagrin" {Dex+6, Elem, Self} (curse)
MPRegen 0.22/turn                q - ring of the Chained Inaction {AC+4, Elem, Melee} (curse)

@: petrified
A: permanent stasis, dig shafts and tunnels, antennae 3, four strong arms
a: Dig, Shaft Self, Renounce Religion, Curse Item, Shatter the Chains


You were on level 12 of the Dungeon.
You worshipped Ashenzari.
Ashenzari was extremely pleased with you.
You visited 1 branch of the dungeon, and saw 12 of its levels.

You collected 722 gold pieces.

Inventory:

Hand Weapons
 D - the +2 mace "Arishiol" {heavy, rN+ Str-5 Int+5}
   (You found it on level 6 of the Dungeon)

   Str:       It affects your strength (-5).
   Int:       It affects your intelligence (+5).
   rN:        It protects you from negative energy.
 E - a +4 war axe
Missiles
 g - 6 boomerangs
 i - 20 poisoned darts (quivered)
 w - 4 curare-tipped darts
Armour
 k - the cursed +1 pair of gloves "At What Cost Knowledge?" (worn) {Fort, Comp}
   (You found it on level 1 of the Dungeon)

   It has a curse which improves the following skills: Fortitude: Armour and
   Shields.
   Companions: Summonings and Necromancy.
 u - the cursed +2 cloak "Eternal With Me" (worn) {Evo, Melee}
   (You took it off Crazy Yiuf on level 6 of the Dungeon)

   It has a curse which improves the following skills: Evocations: Evocations.
   Melee Combat: Short Blades, Long Blades, Axes, Maces & Flails, Polearms,
   Staves and Unarmed Combat.
 B - the cursed +2 pair of boots of Supernal Gnosis (worn) {Comp, Alch}
   (You found it on level 11 of the Dungeon)

   It has a curse which improves the following skills: Companions: Summonings
   and Necromancy.
   Alchemy:   Poison Magic and Transmutations.
 H - +0 acid dragon scales (worn)
Magical Staves
 l - a cursed staff of earth (weapon) {Range, Self}
Jewellery
 j - the cursed ring "Share My Chagrin" (left hand) {Dex+6, Elem, Self}
   (You found it on level 1 of the Dungeon)

   [ring of dexterity]

   Dex:       It affects your dexterity (+6).
   It has a curse which improves the following skills: Elements: Fire Magic, Ice
   Magic, Air Magic and Earth Magic.
   Introspection: Fighting and Spellcasting.
 m - the cursed amulet "Sidereal Doubts" (around neck) {Reflect Slay+3 SH+5 SInv, Alch, Range}
   (You acquired it on level 3 of the Dungeon)

   [amulet of reflection]

   It reflects blocked missile attacks.
   Slay:      It affects your accuracy & damage with ranged weapons and melee
   (+3).
   SInv:      It lets you see invisible.
   SH:        It affects your SH (+5).
   It has a curse which improves the following skills: Alchemy: Poison Magic and
   Transmutations.
   Ranged Combat: Ranged Weapons and Throwing.
 n - an amulet of magic regeneration
 q - the cursed ring of the Chained Inaction (right hand) {AC+4, Elem, Melee}
   (You found it on level 3 of the Dungeon)

   [ring of protection]

   AC:        It affects your AC (+4).
   It has a curse which improves the following skills: Elements: Fire Magic, Ice
   Magic, Air Magic and Earth Magic.
   Melee Combat: Short Blades, Long Blades, Axes, Maces & Flails, Polearms,
   Staves and Unarmed Combat.
 G - a ring of resist corrosion
Wands
 d - a wand of quicksilver (5)
 v - a wand of polymorph (7)
 z - a wand of flame (2)
 C - a wand of charming (3)
Scrolls
 f - 4 scrolls of fog
 h - a scroll of fear
 o - a scroll of amnesia
 t - a scroll of enchant weapon
 y - 3 scrolls of magic mapping
 F - 3 scrolls of silence
Potions
 a - a potion of might
 b - a potion of magic
 c - a potion of cancellation
 e - 2 potions of mutation
 p - 3 potions of flight
 s - 3 potions of curing
 x - 2 potions of brilliance
 A - a potion of invisibility


   Skills:
 + Level 2.9(5.7) Fighting
 + Level 0.5(2.9) Polearms
 + Level 3.4(6.4) Staves
 + Level 1.0(2.3) Armour
 + Level 4.0 Dodging
 + Level 5.1 Stealth
 + Level 2.9(4.9) Shields
 + Level 12.3(15.7) Spellcasting
 + Level 7.0 Conjurations
 + Level 1.1(3.1) Transmutations
 + Level 14.0(17.4) Earth Magic


You had 31 spell levels left.
You knew the following spells:

 Your Spells              Type           Power      Damage    Failure   Level
a - Sandblast             Erth           100%       2d20      0%          1
b - Stone Arrow           Conj/Erth      100%       3d13      1%          3
c - Animate Armour        Summ/Erth      100%       N/A       1%          4
d - Hailstorm             Conj/Ice       32%        3d8       3%          3

Your spell library contained the following spells:

 Spells                   Type           Power      Damage    Failure   Level
 Foxfire                  Conj/Fire      100%       2x1d9     1%          1
 Passwall                 Tmut/Erth      61%        N/A       1%          2
 Petrify                  Tmut/Erth      74%        N/A       1%          4
 Ice Form                 Ice/Tmut       24%        N/A       26%         4
 Fireball                 Conj/Fire      16%        3d8       30%         5
 Starburst                Conj/Fire      16%        6d6       86%         6
 Lehudib's Crystal Spear  Conj/Erth      40%        10d10     92%         8
 Simulacrum               Ice/Necr       9%         N/A       100%        6


Dungeon Overview and Level Annotations

Branches:
Dungeon (12/15)            Temple (0/1) D:4            Lair (0/5) D:10
    Orc (0/2) D:11

Altars:
Ashenzari
Fedhas
Makhleb
Okawaru
Sif Muna
Trog
Vehumet
Xom
Yredelemnul
Zin

Annotations:
D:3 Ijyb
D:9 exclusion: oklob plant
D:12 Jorgrun


Innate Abilities, Weirdness & Mutations

You cannot be hasted, slowed, berserked, paralysed or teleported.
You can dig through walls and to a lower floor.
You have a pair of large antennae on your head. (SInv)
Your four strong arms can wield two-handed weapons with a shield.


Message History

Jorgrun is severely wounded.
Jorgrun closely misses you.
Casting: Stone Arrow (safe; 1% risk of failure)
Confirm with . or Enter, or press ? or * to list all spells.
Aiming: Stone Arrow (safe; 1% risk of failure)
Press: ? - help, Shift-Dir - straight line, f/p - Jorgrun
Aim: Jorgrun, wielding a +0 heavy quarterstaff and wearing a +0 robe (severely wounded, 63% to hit)
You feel a surge of power!
The stone arrow hits Jorgrun!!
Jorgrun is almost dead.
Jorgrun hits you but does no damage.
Casting: Stone Arrow (safe; 1% risk of failure)
Confirm with . or Enter, or press ? or * to list all spells.
You don't have enough magic to cast this spell.
Unknown command.
Casting: Stone Arrow (safe; 1% risk of failure)
Confirm with . or Enter, or press ? or * to list all spells.
You don't have enough magic to cast this spell.
Unknown command.
You barely miss Jorgrun.
Jorgrun is almost dead.
You hit Jorgrun but do no damage.
You shatter Jorgrun.
Jorgrun is almost dead.
Jorgrun casts a spell at you.
You are slowing down.
You hit Jorgrun.
Jorgrun is almost dead.
Jorgrun hits you with a +0 heavy quarterstaff.
* * * LOW HITPOINT WARNING * * *
Your limbs are stiffening.
You hit Jorgrun.
Jorgrun is almost dead.
Jorgrun hits you with a +0 heavy quarterstaff!
* * * LOW HITPOINT WARNING * * *
You have turned to stone.
Jorgrun points at you and mumbles some strange words.
The iron shot hits you!!!
* * * LOW HITPOINT WARNING * * *
Jorgrun gestures at you while chanting. The iron shot hits you!!
You die...

* , , , * ,,, * *,, * ,*#*
#..#* , * * ,, .*#..#* , *
*** ,,, *** .##..##*∆, ,,,
, ,* ,,,,..... .. *.# ,, *
* , #...#* #.* .# * , , *
* #...# #. .# * * ,#.g.#
#.* *.# * #.@.# #.## .# *
* , #,,#...## #..# .#, *
,*###..#....####.######.#.
* ...................!...[
*, *
*#########.####.######...
* , ,, #.# #.# ### , **
#.####.# * * #......# ,*
#.######


You could see Jorgrun.

Vanquished Creatures
  An ogre mage (D:12)
  6 two-headed ogres
  Amaemon (D:8)
  A deep elf pyromancer (D:12)
  A manticore (D:9)
  An elephant (D:10)
  An orange demon (D:8)
  2 gargoyles
  2 kobold demonologists (D:11)
  A troll (D:11)
  A hornet (D:10)
  Prince Ribbit (D:8)
  3 slime creatures (D:12)
  A shadow (D:10)
  21 yaks
  2 wyverns
  A steam dragon (D:9)
  A basilisk (D:10)
  Edmund (D:4)
  4 acid dragons
  4 water moccasins
  2 orc warriors
  4 sky beasts
  A black bear (D:10)
  5 ogres (D:12)
  An ice beast (D:7)
  5 centaurs
  3 kobold brigands
  Blork the orc (D:5)
  4 bullfrogs
  5 wights (D:6)
  6 howler monkeys
  A hound (D:4)
  3 orc priests
  Crazy Yiuf (D:6)
  4 iguanas
  9 orc wizards
  5 adders
  A shadow imp (D:6)
  2 white imps
  2 ufetubi
  3 worms
  4 dart slugs
  29 orcs
  4 ball pythons
  6 endoplasms
  3 giant cockroaches
  9 goblins
  10 hobgoblins
  4 jackals (D:2)
  9 kobolds
  5 quokkas
  7 bats
  3 frilled lizards
  5 rats
223 creatures vanquished.

Vanquished Creatures (others)
  3 plants
3 creatures vanquished.

Grand Total: 226 creatures vanquished

Notes
Turn   | Place    | Note
-------+----------+-------------------------------------------
     0 | D:1      | Sabo the Formicid Earth Elementalist began the quest for
                  | the Orb.
     0 | D:1      | Reached XP level 1. HP: 13/13 MP: 3/3
   191 | D:1      | Reached skill level 4 in Earth Magic
   242 | D:1      | Reached XP level 2. HP: 19/19 MP: 3/5
   625 | D:1      | Found a faded altar of an unknown god.
   635 | D:1      | Prayed at the altar of an unknown god.
   635 | D:1      | Became a worshipper of Ashenzari the Shackled
  1407 | D:2      | Reached XP level 3. HP: 25/25 MP: 0/7
  2124 | D:2      | Reached XP level 4. HP: 31/31 MP: 6/9
  2221 | D:2      | Upgraded the game from 0.30-a0-711-gf4ac18a38d to
                  | 0.30-a0-715-gdb4ae3ece1
  2703 | D:3      | Noticed Ijyb
  3209 | D:3      | Reached * piety under Ashenzari
  3209 | D:3      | Identified a scroll of acquirement
  3210 | D:3      | Acquired the amulet "Oheynust" {Reflect Slay+3 SH+5 SInv}
  3440 | D:3      | Reached ** piety under Ashenzari
  3474 | D:3      | Acquired a staff of earth
  3611 | D:3      | Reached XP level 5. HP: 36/36 MP: 10/12
  3834 | D:4      | Reached skill level 5 in Earth Magic
  3916 | D:4      | Found a staircase to the Ecumenical Temple.
  4179 | D:4      | Reached *** piety under Ashenzari
  4269 | D:4      | Noticed Edmund
  4314 | D:4      | Killed Edmund
  4315 | D:4      | Reached XP level 6. HP: 41/43 MP: 7/15
  4450 | D:4      | Found a bloodstained altar of Trog.
  4758 | D:5      | Entered Level 5 of the Dungeon
  4807 | D:5      | Reached skill level 6 in Earth Magic
  4997 | D:5      | Reached XP level 7. HP: 48/48 MP: 12/17
  5136 | D:5      | Reached skill level 5 in Spellcasting
  5154 | D:5      | Found a shimmering blue altar of Sif Muna.
  5216 | D:5      | Noticed Blork the orc
  5219 | D:5      | Killed Blork the orc
  5325 | D:5      | Noticed a water moccasin
  5329 | D:5      | Killed a water moccasin
  5492 | D:6      | Reached skill level 7 in Earth Magic
  5496 | D:6      | Reached XP level 8. HP: 53/56 MP: 14/20
  5704 | D:6      | Identified the +2 mace "Arishiol" {heavy, rN+ Str-5 Int+5}
  5800 | D:6      | Reached skill level 8 in Earth Magic
  6244 | D:6      | Reached skill level 1 in Fighting
  6244 | D:6      | Reached XP level 9. HP: 62/62 MP: 19/22
  6377 | D:6      | Reached skill level 9 in Earth Magic
  6675 | D:6      | Found a runed translucent door.
  6676 | D:6      | Noticed Crazy Yiuf
  6680 | D:6      | Killed Crazy Yiuf
  6974 | D:7      | Found a glowing silver altar of Zin.
  7137 | D:7      | Learned a level 3 spell: Stone Arrow
  8103 | D:8      | Noticed Prince Ribbit
  8108 | D:8      | Found a shimmering altar of Xom.
  8110 | D:8      | Noticed Amaemon
  8110 | D:8      | Noticed an orange demon
  8112 | D:8      | Killed Prince Ribbit
  8131 | D:8      | Killed Amaemon
  8132 | D:8      | Reached skill level 1 in Shields
  8132 | D:8      | Reached skill level 1 in Conjurations
  8132 | D:8      | Reached skill level 10 in Earth Magic
  8145 | D:8      | Killed an orange demon
  8146 | D:8      | Reached XP level 10. HP: 47/68 MP: 0/25
  8392 | D:8      | Found a radiant altar of Vehumet.
  8392 | D:8      | Found a burning altar of Makhleb.
  8690 | D:8      | Reached skill level 11 in Earth Magic
  9422 | D:9      | Noticed a two-headed ogre
  9424 | D:9      | Killed a two-headed ogre
  9425 | D:9      | Reached skill level 10 in Spellcasting
  9569 | D:9      | Reached skill level 1 in Staves
  9871 | D:9      | Found a blossoming altar of Fedhas.
  9901 | D:9      | Noticed an oklob plant
 10148 | D:9      | Reached XP level 11. HP: 68/74 MP: 9/27
 10397 | D:9      | Found an iron altar of Okawaru.
 10415 | D:9      | Noticed a manticore
 10449 | D:9      | Reached skill level 12 in Earth Magic
 10987 | D:9      | Found a basalt altar of Yredelemnul.
 11134 | D:9      | Killed a manticore
 11524 | D:10     | Entered Level 10 of the Dungeon
 11571 | D:10     | Learned a level 4 spell: Animate Armour
 11575 | D:10     | Learned a level 3 spell: Hailstorm
 11776 | D:10     | Noticed an elephant
 11786 | D:10     | Killed an elephant
 12104 | D:10     | Found a staircase to the Lair.
 12256 | D:10     | Noticed a two-headed ogre
 12262 | D:10     | Killed a two-headed ogre
 12263 | D:10     | Reached skill level 5 in Conjurations
 13082 | D:10     | Reached **** piety under Ashenzari
 13472 | D:11     | Reached ***** piety under Ashenzari
 13528 | D:11     | Found a shimmering altar of Xom.
 13810 | D:11     | Reached XP level 12. HP: 87/87 MP: 15/30
 14051 | D:11     | Reached skill level 13 in Earth Magic
 14319 | D:11     | Reached skill level 5 in Stealth
 14497 | D:11     | Noticed a two-headed ogre
 14502 | D:11     | Killed a two-headed ogre
 14786 | D:11     | Found a staircase to the Orcish Mines.
 15244 | D:12     | Noticed an ogre mage
 15248 | D:12     | Noticed a two-headed ogre
 15252 | D:12     | Killed an ogre mage
 15259 | D:12     | Killed a two-headed ogre
 15262 | D:12     | Noticed a two-headed ogre
 15266 | D:12     | Killed a two-headed ogre
 15391 | D:12     | Noticed a two-headed ogre
 15396 | D:12     | Killed a two-headed ogre
 15529 | D:12     | Reached skill level 14 in Earth Magic
 15533 | D:12     | Reached skill level 1 in Armour
 15928 | D:12     | Noticed Jorgrun
 15958 | D:12     | HP: 4/87 [Jorgrun/iron shot (18)]
 15959 | D:12     | Killed from afar by Jorgrun

Illustrated notes

Levels and vault maps discovered:
D:1:      minmay_arrival_up_and_down, layout_basic,
          ebering_ecumenical_altar_webs, minmay_heptomino_o4
D:2:      layout_rooms, minivault_19, grunt_ministairs_8
D:3:      layout_loops_corners, uniq_ijyb
D:4:      layout_cave_pools, trog_antimagical,
          minmay_temple_entry_gardened_gates, bh_walls_and_bars, uniq_edmund
D:5:      layout_loops_ring, tgw_sif, hangedman_decor_riveting, st_stairs_12,
          uniq_blork_the_orc
D:6:      layout_loops_ring, uniq_crazy_yiuf_cottage
D:7:      layout_basic, kennysheep_mini
D:8:      layout_basic, gammafunk_temple_overflow_forgotten,
          uniq_prince_ribbit1, uniq_amaemon
D:9:      layout_basic, okawaru_metal_pillars_1_2, mainiacjoe_overflow_alcove_2,
          tgw_fedhas, minivault_25_ag, minmay_mirror_moons_of_madness
D:10:     layout_roguey, david_lair_generic
D:11:     layout_stronghold, orc_0_dummy, tgw_xom
D:12:     layout_loops_ring, uniq_jorgrun

Skill      XL: |  1  2  3  4  5  6  7  8  9 10 11 12 |
---------------+-------------------------------------+-----
Earth Magic    | 4 5 6 7 8 10 11 12 14 | 14.0
Stealth        | 3 4 5 |  5.1
Spellcasting   | 3 4 5 7 9 10 11 12 | 12.3
Dodging        | 2 3 4 |  4.0
Fighting       | 1 2 |  2.9
Shields        | 1 2 |  2.9
Conjurations   | 1 3 5 7 |  7.0
Staves         | 1 3 |  3.4
Armour         | 1 |  1.0
Polearms       | |  0.5
Transmutations | |  1.1

Action                     |  1- 3 |  4- 6 |  7- 9 | 10-12 || total
---------------------------+-------+-------+-------+-------++-------
  Melee: Unarmed           |     5 |       |       |       ||     5
         Mace              |    11 |       |       |       ||    11
         Trident           |       |     4 |       |       ||     4
         Dagger            |       |     1 |       |       ||     1
         Staff             |       |     3 |    11 |    47 ||    61
   Cast: Sandblast         |    49 |    73 |    74 |       ||   196
         Stone Arrow       |       |       |    21 |   211 ||   232
 Invoke: Curse Item        |     1 |     3 |     1 |     2 ||     7
    Use: Scroll            |     1 |     5 |       |     1 ||     7
         Potion            |       |       |     1 |     6 ||     7
 Armour: Robe              |     5 |    12 |    17 |     7 ||    41
         Steam dragon scal |       |       |       |     9 ||     9
         Acid dragon scale |       |       |       |     9 ||     9
  Dodge: Dodged            |    25 |    17 |    33 |    49 ||   124
  Block: Other             |       |     7 |    12 |    22 ||    41
         Reflection        |       |     1 |     2 |       ||     3

Table legend: (Time is in decaauts)
 A = Elapsed time spent in this place.
 B = Non-inter-level travel time spent in this place.
 C = Inter-level travel time spent in this place.
 D = Time resting spent in this place.
 E = Time spent auto-exploring this place.
 F = Levels seen in this place.
 G = Mean time per level.
                   A        B        C        D        E       F      G
               +--------+--------+--------+--------+--------+-----+--------+
         Total |  16070 |  16070 |      0 |   5844 |      0 |  12 | 1339.2 |
       Dungeon |  16070 |  16070 |      0 |   5844 |      0 |  12 | 1339.2 |
               +--------+--------+--------+--------+--------+-----+--------+

Top non-repeatable levels by time:
     D:9: 2164 daAuts
    D:11: 2096 daAuts
    D:10: 1618 daAuts
     D:8: 1483 daAuts
     D:6: 1431 daAuts
     D:2: 1337 daAuts
     D:3: 1330 daAuts
     D:1: 1205 daAuts
     D:7: 1011 daAuts
     D:4: 943 daAuts
    D:12: 724 daAuts
     D:5: 722 daAuts
